Cogmind - Beta 14 @@@ ROGUE MODE // 2024.08.10 @ 16:30:02 Player: saltine Result: Destroyed by UG-AJV(R) with Subdweller Machine Gun Performance ------------- Evolutions (0) 0 Regions Visited (3) 600 Robots Destroyed (25) 125 Value Destroyed (624) 624 Prototype IDs (11) 220 Alien Tech Used (0) 0 Bonus (-29) -29 TOTAL SCORE: 1540 Bonus ------- Follower Combat Kills 28 Friendly Fire -57 Cogmind --------- Core Integrity 0/250 Matter 215/300 Energy 100/100 System Corruption 0% Temperature Cool (0) Movement Core (800) Ox15 Location -10/Subcaves Parts ------- > --- POWER (1) -------- (None) > --- PROPULSION (2) --- Spiked Treads > --- UTILITY (2) ------ High-capacity Storage Unit Subdweller Optics > --- WEAPON (2) ------- Battle Cannon Battle Cannon > --- INVENTORY (20) --- Spiked Treads Compact Wheel Small Storage Unit Rainbow Chip Subdweller Machine Gun Subdweller Machine Gun Rocket Launcher Subdweller Shrapnel Launcher Subdweller Shrapnel Launcher Mining Laser Multitool Peak State ------------ > --- POWER ------------ Subdweller Power Source > --- PROPULSION ------- Spiked Treads Subdweller Monowheel > --- UTILITY ---------- Small Storage Unit Subdweller Optics > --- WEAPON ----------- Battle Rifle Heavy Battle Rifle > --- INVENTORY -------- Compact Wheel Compact Wheel High-capacity Storage Unit Rainbow Chip Subdweller Machine Gun Rocket Launcher Subdweller Shrapnel Launcher Mining Laser [Rating: 17] Favorites ----------- Power Light Ion Engine Engine Light Ion Engine Propulsion Light Treads Treads Light Treads Leg Aluminum Leg Wheel Subdweller Monowheel Utility Small Storage Unit Device Improved Heat Sink Storage Small Storage Unit Weapon Assault Rifle Energy Gun Medium Laser Energy Cannon Subdweller Beam Cannon Ballistic Gun Assault Rifle Ballistic Cannon Battle Cannon Launcher Rocket Launcher Special Weapon Mining Laser Slashing Weapon Ripper Build | -11 -10 -10 -10 ------- Run | Yrd Mat Min Sub Slots Evolved . | . . . . Power . | . . . . Propulsion . | . . . . Utility . | . . . . Weapon . | . . . . Parts Attached 34 | 2 3 3 26 Power 3 | . . . 3 Engine 3 | . . . 3 Core . | . . . . Reactor . | . . . . Propulsion 7 | 2 . . 5 Treads 4 | 2 . . 2 Leg . | . . . . Wheel 3 | . . . 3 Hover . | . . . . Flight . | . . . . Utility 4 | . 1 1 2 Device 3 | . 1 1 1 Storage 1 | . . . 1 Processor . | . . . . Hackware . | . . . . Protection . | . . . . Artifact . | . . . . Weapon 20 | . 2 2 16 Energy Gun 3 | . 1 1 1 Energy Cannon 1 | . . . 1 Ballistic Gun 7 | . . . 7 Ballistic Cannon 2 | . . . 2 Launcher 1 | . . . 1 Special Weapon 5 | . 1 1 3 Impact Weapon . | . . . . Slashing Weapon 1 | . . . 1 Piercing Weapon . | . . . . Special Melee Weapon . | . . . . Unidentified Prototypes . | . . . . Parts Lost 14 | . . . 14 Power 4 | . . . 4 Propulsion 4 | . . . 4 Utility 1 | . . . 1 Weapon 5 | . . . 5 Highest Loss Streak 3 | . . . 3 To Critical Strikes . | . . . . Average Slot Usage (%) 91 | . 91 100 87 Engine 11 | . 14 14 9 Treads 23 | . 28 28 19 Wheel 4 | . . . 7 Device 9 | . 6 14 8 Storage 14 | . 14 14 14 Energy Gun 6 | . 11 13 1 Ballistic Gun 20 | . 14 14 24 Peak Build Rating 17 | 6 8 10 17 Average Rating 10 | 6 6 9 12 On Entrance 7 | 6 6 8 10 Naked Turns . | . . . . Heaviest Build 53 | 12 13 13 53 Greatest Support 40 | 40 40 40 40 Greatest Overweight (x) 3 | . . . 3 Average Overweight (x) . | . . . . Largest Inventory Capacity 20 | 8 8 8 20 Average Capacity 9 | 8 8 8 10 Most Carried 14 | 6 8 8 14 Average Carried 8 | 4 6 8 8 Final Capacity 20 | 8 8 8 20 Final Carried 11 | 4 8 8 11 Class Distribution -------------------- 100% | Mutant Dominant Class ---------------- Mutant | -10/Materials Mutant | -10/Mines Mutant | -10/Subcaves Resources | -11 -10 -10 -10 ----------- Run | Yrd Mat Min Sub Matter Collected 806 | 220 75 34 477 Remotely . | . . . . Salvage Created 642 | . 211 44 387 Parts 49 | . 15 4 30 Haulers Intercepted . | . . . . Recyclers Shooed . | . . . . Parts Field Recycled . | . . . . Retrieved Matter . | . . . . Parts Self-Destructed 24 | . . . 24 Prevented . | . . . . Kills | -11 -10 -10 -10 ------- Run | Yrd Mat Min Sub Combat Hostiles Destroyed 23 | . 6 3 14 Guns 21 | . 6 3 12 AOE 2 | . . . 2 Classes Destroyed 5 | . 4 . 1 Operator 1 | . 1 . . Watcher 1 | . 1 . . Swarmer 11 | . 3 3 5 Grunt 4 | . 3 . 1 Subdweller 8 | . . . 8 Best Kill Streak 3 | . 3 1 2 Combat Bots Only 3 | . 3 1 2 Max Kills in Single Turn 1 | . 1 1 1 Gunslinging . | . . . . Exploded 1 | . . . 1 Melee . | . . . . Uniques/NPCs Destroyed . | . . . . Combat | -11 -10 -10 -10 -------- Run | Yrd Mat Min Sub Hostile Shots Fired 161 | . 15 9 137 Missed 60 | . 5 2 53 Damage Taken 1937 | . 164 61 1712 Core 259 | . 31 25 203 Absorbed by Shields . | . . . . Core Remaining (%) 100 | 100 . . . Volleys Fired 124 | . 32 9 83 Largest 2 | . 2 2 2 Hottest 100 | . 100 100 100 Shots Fired 206 | . 47 17 142 Gun 159 | . 30 16 113 Cannon 18 | . . . 18 Launcher 2 | . . . 2 Special 27 | . 17 1 9 Kinetic 134 | . 15 8 111 Thermal 70 | . 32 9 29 Explosive 2 | . . . 2 Electromagnetic . | . . . . Robot Hit Streak 14 | . 5 7 14 Robot Miss Streak 6 | . 3 6 2 Penetration Max . | . . . . Secondary Targets 2 | . . . 2 Max Gunslinging Chain 1 | . . . 1 Shots Hit Robots 117 | . 19 5 93 Core Hits 45 | . 12 4 29 Critical Kills . | . . . . Critical Parts Destroyed 1 | . . . 1 Critical Strikes 6 | . 1 1 4 Burn 4 | . 1 1 2 Destroy 2 | . . . 2 Melee Attacks 1 | . . . 1 Impact . | . . . . Slashing 1 | . . . 1 Piercing . | . . . . Sneak Attacks . | . . . . Combat Hostiles . | . . . . Follow-up Attacks . | . . . . Damage Inflicted 2032 | . 253 86 1693 Guns 1495 | . 248 78 1169 Cannons 353 | . . . 353 Explosions 171 | . . . 171 Melee . | . . . . Ramming 13 | . 5 8 . Kinetic 1364 | . 134 28 1202 Thermal 484 | . 114 50 320 Explosive 171 | . . . 171 Electromagnetic . | . . . . Impact . | . . . . Slashing . | . . . . Piercing . | . . . . Highest Corruption . | . . . . Average Corruption . | . . . . Corruption Purged . | . . . . Corruption Blocked . | . . . . Overload Shots . | . . . . Overflow Damage . | . . . . Projectiles . | . . . . Explosions . | . . . . Melee . | . . . . Knockbacks 2 | . . . 2 Impact . | . . . . Kinetic 2 | . . . 2 Secondary . | . . . . Self-Inflicted Damage 24 | . . . 24 Shots 1 | . . . 1 Rammed 1 | . . 1 . Targets Rammed 2 | . 1 1 . Kicked . | . . . . Crushed 1 | . 1 . . Highest Temperature 40 | . 33 . 40 Average Temperature 15 | . 13 . 20 Received Heat Transfer 372 | . 66 . 306 Siege Activations . | . . . . Robots Corrupted . | . . . . Combat Hostiles . | . . . . Parts Fried . | . . . . Impact Corruptions . | . . . . Robots Melted . | . . . . Combat Hostiles . | . . . . Parts Melted 3 | . 1 2 . Heat Transferred 1369 | . 407 222 740 Parts Sabotaged . | . . . . Parts Stolen . | . . . . Parts Stripped . | . . . . Power Chain Reactions . | . . . . Alert | -11 -10 -10 -10 ------- Run | Yrd Mat Min Sub Peak Influence 135 | . 107 135 . Initial 22 | . . 22 . Average 54 | . 60 52 . Maximum Alert Level . | . . . . Low Security (%) 100 | 100 100 100 . Level 1 . | . . . . Level 2 . | . . . . Level 3 . | . . . . Level 4 . | . . . . Level 5 . | . . . . High Security . | . . . . Max Security . | . . . . Squads Dispatched . | . . . . Investigation . | . . . . Extermination . | . . . . Reinforcement . | . . . . Assault . | . . . . Garrison . | . . . . Intercept . | . . . . Searches Triggered . | . . . . Construction Impeded . | . . . . Haulers Reinforced . | . . . . Active Scanning Responses . | . . . . Cargo Convoy Interrupts . | . . . . Stealth | -11 -10 -10 -10 --------- Run | Yrd Mat Min Sub Distress Signals 1 | . 1 . . Communications Jammed . | . . . . Distress Signals . | . . . . Times Spotted 42 | . 9 9 24 Peak Tracking Total 3 | . 2 3 3 Tactical Retreats 6 | . . 1 5 Traps | -11 -10 -10 -10 ------- Run | Yrd Mat Min Sub Traps Triggered 2 | . 1 . 1 Indirectly . | . . . . Trap Hack Attempts . | . . . . Triggered . | . . . . Disarmed . | . . . . Reprogrammed . | . . . . Reused . | . . . . Traps Extracted . | . . . . Installed . | . . . . Triggered . | . . . . Machines | -11 -10 -10 -10 ---------- Run | Yrd Mat Min Sub Machines Disabled 1 | . . . 1 Max in Single Turn 1 | . . . 1 Machines Repaired . | . . . . Machines Dismantled . | . . . . Machines Sabotaged . | . . . . Overloaded Fab Kills . | . . . . Hacking | -11 -10 -10 -10 --------- Run | Yrd Mat Min Sub Machines Accessed 3 | . 2 . 1 Terminals 2 | . 2 . . Fabricators . | . . . . Repair Stations . | . . . . Recycling Units . | . . . . Scanalyzers . | . . . . Garrison Access . | . . . . Total Hacks 15 | . 6 . 9 Successful 11 | . 2 . 9 Failed 4 | . 4 . . Catastrophic 1 | . 1 . . Database Lockouts . | . . . . Manual 5 | . 5 . . Terminals 6 | . 6 . . Fabricators . | . . . . Repair Stations . | . . . . Recycling Units . | . . . . Scanalyzers . | . . . . Garrison Access . | . . . . Terminal Hacks 10 | . 1 . 9 Record 8 | . . . 8 Maintenance Status 1 | . 1 . . Derelict Proto ID Bank 1 | . . . 1 Fabricator Hacks . | . . . . Repair Station Hacks . | . . . . Recycling Unit Hacks . | . . . . Scanalyzer . | . . . . Garrison Access Hacks . | . . . . Unauthorized Hacks 1 | . 1 . . Terminals 1 | . 1 . . Botnet 1 | . 1 . . Fabricators . | . . . . Repair Stations . | . . . . Recycling Units . | . . . . Scanalyzers . | . . . . Garrison Access . | . . . . Data Cores Recovered 1 | . 1 . . Used . | . . . . Hacking Detections 2 | . 2 . . Full Trace Events . | . . . . Feedback Events . | . . . . Feedback Blocked . | . . . . Robot Schematics Acquired . | . . . . Robots Built . | . . . . Authchips . | . . . . Time . | . . . . Total Robot Build Rating . | . . . . Part Schematics Acquired . | . . . . Parts Built . | . . . . Authchips . | . . . . Time . | . . . . Total Part Build Rating . | . . . . Parts Repaired . | . . . . Time . | . . . . Parts Recycled . | . . . . Recycled Matter . | . . . . Retrieved Matter . | . . . . Retrieved Components . | . . . . Parts Scanalyzed . | . . . . Part Schematics Acquired . | . . . . Parts Damaged . | . . . . Bothacking | -11 -10 -10 -10 ------------ Run | Yrd Mat Min Sub Used RIF Installer . | . . . . Robots Hacked . | . . . . Non-combat . | . . . . Combat . | . . . . Robot Hacks Applied . | . . . . Relay Couplers Released . | . . . . Fabnet Peak Effective % . | . . . . Robots Rewired . | . . . . Allies Hacked . | . . . . Hacks Repelled . | . . . . Allies | -11 -10 -10 -10 -------- Run | Yrd Mat Min Sub Total Allies 2 | . . 2 . Largest Group 2 | . . 2 1 Highest-Rated Group 41 | . . 41 10 Highest-Rated Ally 31 | . . 31 10 Total Orders . | . . . . Ally Attacks 14 | . . 14 . Total Damage 193 | . . 193 . Kills 4 | . . 4 . Allies Corrupted . | . . . . Allies Melted . | . . . . Intel | -11 -10 -10 -10 ------- Run | Yrd Mat Min Sub Robot Analysis Total . | . . . . Derelict Logs Recovered 2 | . . 1 1 Drone Launches . | . . . . Drone Recoveries . | . . . . Exploration | -11 -10 -10 -10 ------------- Run | Yrd Mat Min Sub Turns Passed 4504 | 8 557 1289 2650 Spaces Moved 2018 | 3 267 219 1529 Core . | . . . . Treads 1643 | 3 267 219 1154 Legs . | . . . . Wheels 375 | . . . 375 Hover . | . . . . Flight . | . . . . Fastest Speed 130 | 160 160 160 130 Average Speed 154 | 160 160 160 153 Slowest Speed 160 | 160 160 160 160 Overloaded Moves . | . . . . Propulsion Burnouts . | . . . . Robots Hopped . | . . . . Cave-ins Triggered . | . . . . Exploration Rate (%) 46 | 2 42 64 76 Regions Visited 3 Branch Regions 2 Pre-discovered Areas . | . . . . Known Exits Taken . | . . . . Unknown Exits Taken 3 | 1 1 1 . Scrap Searched 12 | . . 1 11 Spaces Dug 8 | . 8 . . Terrain Destroyed 34 | . 13 . 21 Melee . | . . . . Projectile 14 | . 13 . 1 AOE 20 | . . . 20 Terrain Rammed . | . . . . Walls Destroyed . | . . . . Machines Disabled . | . . . . Actions | -11 -10 -10 -10 --------- Run | Yrd Mat Min Sub Total 3130 | 6 314 1138 1672 Wait 927 | . 6 906 15 Move 2015 | 2 266 218 1529 Hop . | . . . . Pick Up 17 | . 5 . 12 Fast Attach 9 | . 1 . 8 Attach 7 | . . . 7 Detach . | . . . . Swap 18 | 2 2 3 11 Drop 10 | 2 1 1 6 Fire 124 | . 32 9 83 Melee 1 | . . . 1 Ram . | . . . . Kick . | . . . . Crush 2 | . 1 1 . Escape Stasis . | . . . . Rewire . | . . . . Trap . | . . . . Miscellaneous . | . . . . Route ------- -11/Scrapyard -10/Materials (discovered 2 exits: [*Mat] / [*Min]) -10/Mines -10/Subcaves (discovered 2 exits: [*Mat] / [*Rec]) History --------- Turn | Location | Event 6 | -11/Scrapyard | Discovered new exit (range 3) 9 | -11/Scrapyard | Entered Materials 291 | -10/Materials | Discovered new exit (range 13) 331 | -10/Materials | Build established: Mutant 365 | -10/Materials | Discovered new exit (range 9) 566 | -10/Materials | Entered Mines 1848 | -10/Mines | Discovered new exit (range 3) 1855 | -10/Mines | Entered Subcaves 1855 | -10/Subcaves | Accompanied by 1 ally 2020 | -10/Subcaves | Discovered new exit (range 9) 2470 | -10/Subcaves | Shifting Twisted Machinery released Ripper 2773 | -10/Subcaves | Shifting Twisted Machinery released Battle Rifle 2777 | -10/Subcaves | Lost 3 parts (1p1u1w) 2912 | -10/Subcaves | Discovered new exit (range 6) 3187 | -10/Subcaves | Visited 4L-MR0's lab 3204 | -10/Subcaves | Found Rainbow Chip 3277 | -10/Subcaves | Lost 3 parts (1p1n1w) 3307 | -10/Subcaves | Shifting Twisted Machinery released Sub. Machine Gun 3314 | -10/Subcaves | Shifting Twisted Machinery released Hvy. Battle Rifle 3616 | -10/Subcaves | A swath of the cavern ceiling suddenly collapsed 3812 | -10/Subcaves | Core integrity fell below 50% 3908 | -10/Subcaves | Shifting Twisted Machinery released Battle Cannon 4199 | -10/Subcaves | Ambushed by Subdwellers from Twisted Machinery 4491 | -10/Subcaves | Core integrity fell below 20% 4496 | -10/Subcaves | Ambushed by Subdweller buried in earth 4505 | -10/Subcaves | Destroyed by UG-AJV(R) with Subdweller Machine Gun Last Messages --------------- 04127_ Found 41 Matter. 04144_ Acquired Sub. Shrapnel Launcher. 04150_ Acquired Sub. Machine Gun. 04199_ MR-600(R) emerges from the Twisted Machinery. 04225_ Com. Wheel destroyed. 04240_ GB-0C4(R) destroyed. 04398_ Acquired 26 matter. 04419_ Acquired 9 matter. 04477_ DG-7RX(R): "WEHOME!" 04485_ Battle Rifle destroyed. 04488_ DJ-1DM(R): "ECOKILL!" 04489_ Hvy. Battle Rifle destroyed. 04489_ DG-7RX(R) destroyed. 04497_ UG-AJV(R): "ARGHSUB!" 04499_ The unstable cave ceiling collapses. 04499_ DJ-1DM(R) knocked back. 04500_ VH-LL0(u) tweaks Twisted Machinery. 04502_ The unstable cave ceiling collapses. 04502_ DJ-1DM(R) knocked back. 04503_ Sub. Monowheel destroyed. Map ----- +----------------------------------------------------+ | | | | | | | | | | | | | ?????????????????????????????????????????????????? | | ?????????????????????????????????????????????????? | | ?????????????????????????????????????????????????? | | ?????????????????????????????????????????????????? | | ?????????????????????????????????????????????????? | | ?????????????????????????????????????????????????? | | ?????????????????????????????????????????????????? | | ?????????????????????????????????????????????????? | | ?????????????????????????????????????????????????? | | ?????????????????????????????????????????????????? | | ????????????????????###"?????????????????????????? | | ??????????????????###"" ?????????????????????????? | | ?????????????????##;; ?????????????????????????? | | ?????????????????#;; #####????????????????????? | | ??????????????####; ;; # ###??????????????????? | | #####???????### ###; #??????????????????? | | #??????##"" ## #??????????????????? | | #?????### ## #######????????????? | | ####### % #????????????? | | # "u" @ %R #??########??? | | ""# R # # %##?## #??? | | "" ## #### #?# #???# | | ""##### #??# ### #????# | | ###""##???# #?## ### #????# | | #" #????## # ####?# ## #?#### | | " #?????###### ##????# ## ##?# | | # """ # ## #?????????###?????# ### #?## | | # " #####?##?????????????????# #?## #### | | # ######???????????????????# ##??# ### | | ## ##??????????????????## ##### | | ### #?????????????????## ## | | ""## ##?????????????????# ##? | | "### ##??????????????????# #?? | | "??# ####????????????????## #?? | | "??## #?????????????????#### ### | | #### """" " #?????#########??#### # | | "## """""""" #???##" "" ""#### | | """ """"""""#??#"""" "" "### ## | | ""#"""##??#" " " " ## ### ### | | ## "######???# " """ ## #?## #??### | | #### "##???????###" "## # #### #????# | | ?##### # " ##???????###+##### ## ### #???? | | ## #?# """#???????#" "#?# #" #?# ??? | | # ### # "#???????#" "#?# ####?# ?? | +----------------------------------------------------+ Best States ------------- Heat Dissipation 39 Energy Generation 10 Energy Capacity 200 Matter Stores 300 Matter Capacity 300 Sight Range 21 Terrain Scan Density 10 Evasion (%) 40 Recoil Reduction 2 Item Schematics ----------------- None Robot Schematics ------------------ None Fabricated ------------ Nothing Alien Tech Used ----------------- None Achievements -------------- None Challenges ------------ None Game ------ Seed NavigationFlyingNetwork Manual? 0 Play Time 00:20:42 Cumulative 128.1 hours Start 2024.08.10 @ 16:08:58 End 2024.08.10 @ 16:30:02 Sessions 1 Manual Loads 0 Difficulty Rogue Special Mode None Game No. 108 Rogue 108 Adventurer 0 Explorer 0 Win Type - Total 4 Types 2/0/2/0/0/0/0/0/0 Lore% 60 Gallery% 60 Achievement% 56 Wizard Run 0 Options --------- Layout 0 ASCII 0 Keyboard 0 Movement Arrows Keybinds 0 Fullscreen 2 Font 18/SmallcapsGlow Map View 76x50 Zoom Use 0% Tactical HUD 1 Map Filters NONE Filters NONE Steam 1 RUN: e2c52563-7c1b-4e9f-83c9-2acc85cb897c